 Dungeon Crawl Stone Soup version 0.31-a0-229-g1fc7ce93e2 (webtiles) character file.

Game seed: 13771705360480349827

232 qw the Shooter (level 5, -4/46 HPs)
             Began as a Minotaur Hexslinger on July 6, 2023.
             Slain by a steam dragon (7 damage)
             ... on level 7 of the Dungeon.
             The game lasted 00:01:04 (2694 turns).

qw the Shooter (Minotaur Hexslinger)                Turns: 2694, Time: 00:01:04

Health: -4/46      AC:  5    Str: 13    XL:     5   Next: 73%
Magic:  5/5        EV: 11    Int: 10    God:
Gold:   206        SH:  0    Dex: 14    Spells: 5/6 levels left

rFire   . . .        Y - +1 sling (heavy)
rCold   . . .        (no shield)
rNeg    . . .        h - +0 ring mail
rPois   .            (helmet restricted)
rElec   .            (no cloak)
rCorr   .            (no gloves)
SInv    .            (no boots)
Will    .....        (no amulet)
Stlth   +            (no ring)
HPRegen 0.27/turn    (no ring)
MPRegen 0.09/turn

%: no passive effects
@: no status effects
A: horns 2, retaliatory headbutt
a: no special abilities


You were on level 7 of the Dungeon.
You visited 1 branch of the dungeon, and saw 5 of its levels.

You collected 206 gold pieces.


Innate Abilities, Weirdness & Mutations

You have a pair of horns on your head.
You reflexively headbutt those who attack you in melee.


   Skills:
 - Level 4.2 Fighting
 + Level 5.2 Ranged Weapons
 - Level 1.2 Armour
 - Level 2.1 Dodging
 - Level 1.0 Spellcasting
 - Level 2.0 Hexes


You had 5 spell levels left.
You knew the following spells:

 Your Spells              Type           Power      Damage    Failure   Level
a - Slow                  Hex            16%        N/A       32%         1

Your spell library contained the following spells:

 Spells                   Type           Power      Damage    Failure   Level
 Inner Flame              Hex/Fire       2%         N/A       82%         3
 Portal Projectile        Hex/Tloc       4%         N/A       82%         3
 Cause Fear               Hex            2%         N/A       97%         4

Inventory:

Hand Weapons
 Y - a +1 heavy sling (weapon)
Armour
 h - a +0 ring mail (worn)
 l - a scarf of shadows
Jewellery
 e - a +5 ring of evasion
 g - a ring of ice
Scrolls
 b - a scroll of brand weapon
 i - a scroll of identify
Potions
 a - a potion of resistance {unknown}
 c - a potion of might
 f - a potion of haste {unknown}
 j - a potion of curing {unknown}
 k - a potion of degeneration {unknown}

Dungeon Overview and Level Annotations

Branches:
Dungeon (4/15)
 Temple: D:4-7

Altars:
Cheibriados
Nemelex Xobeh
Sif Muna

Shops:
D:1 =


Message History

A steam dragon comes into view.
The steam dragon hisses angrily.
You shoot a sling bullet. The sling bullet hits the steam dragon!
The steam dragon is moderately wounded.
You shoot a sling bullet.
The sling bullet completely misses the steam dragon.
The steam dragon breathes steam at you. The ball of steam hits you!!
You hear a bark!
You shoot a sling bullet.
The sling bullet hits the steam dragon but does no damage.
The steam dragon is moderately wounded.
You are engulfed in a cloud of scalding steam.
You shoot a sling bullet. The sling bullet hits the steam dragon.
The steam dragon is moderately wounded.
You are engulfed in a cloud of scalding steam.
The steam dragon breathes steam at you. The ball of steam hits you!!
2690 ||| DRINKING potion of heal wounds.
You feel much better.
You are engulfed in a cloud of scalding steam.
The steam dragon closely misses you. The steam dragon claws you.
You shoot a sling bullet.
The sling bullet barely misses the steam dragon.
The steam dragon closely misses you. The steam dragon completely misses you.
You shoot a sling bullet. The sling bullet hits the steam dragon!
The steam dragon is heavily wounded.
The steam dragon bites you! The steam dragon barely misses you.
The steam dragon bites you! The steam dragon completely misses you.
You shoot a sling bullet.
The sling bullet completely misses the steam dragon.
The steam dragon breathes steam at you. The ball of steam hits you!
The steam dragon bites you but does no damage.
The steam dragon barely misses you.
You shoot a sling bullet.
The sling bullet closely misses the steam dragon.
You are engulfed in a cloud of scalding steam.
The steam dragon bites you!
You die...

######################
#....#.......#........ .
#....#.......#........
..#....#.......#........
..##'###......##.....#
.......#......##.....##
.......'......¤¤@D....#
.......#########......#
.......# #......#
.......# #........
.......# #.....#..
##.....# ........#
#.....##### #.......#
#.......... #......##
#..........


You could see a steam dragon (catching breath).

Vanquished Creatures
  A phantom (D:4)
  An iguana (D:4)
  An orc wizard (D:3)
  A sleepcap (D:3)
  2 adders
  2 worms
  A dart slug (D:2)
  3 orcs (D:3)
  3 endoplasms
  3 giant cockroaches
  13 goblins
  4 hobgoblins
  4 kobolds
  A quokka (D:2)
  3 ball pythons
  5 bats
  7 frilled lizards
  3 rats
58 creatures vanquished.

Notes
Turn   | Place    | Note
-------+----------+-------------------------------------------
     0 | D:1      | qw the Minotaur Hexslinger began the quest for the Orb.
     0 | D:1      | Reached XP level 1. HP: 16/16 MP: 1/1
     0 | D:1      | 0 ||| qw: Version: 0.3-a-46-gb1f654a
     0 | D:1      | 0 ||| qw: Game counter: 1094
     0 | D:1      | 0 ||| qw: Melee chars always use a shield: true
     0 | D:1      | 0 ||| qw: God list: Okawaru
     0 | D:1      | 0 ||| qw: Allow faded altars: false
     0 | D:1      | 0 ||| qw: Do Orc after clearing Dungeon:15 true
     0 | D:1      | 0 ||| qw: Do second Lair branch before Depths: true
     0 | D:1      | 0 ||| qw: Lair rune preference: random
     0 | D:1      | 0 ||| qw: Goals: Normal
     0 | D:1      | 0 ||| PLANNING D:1-11
   117 | D:1      | Found Xivuc's Jewellery Boutique.
   143 | D:1      | 143 ||| SHOPLISTING +5 ring of evasion (432 gold, have 25).
   143 | D:1      | 143 ||| SHOPLISTING +6 ring of dexterity (432 gold, have
                  | 25).
   143 | D:1      | 143 ||| SHOPLISTING +6 ring of strength (432 gold, have
                  | 25).
   143 | D:1      | 143 ||| SHOPLISTING ring "Zoribb" {rPois Str+7} (500 gold,
                  | have 25).
   143 | D:1      | 143 ||| SHOPLISTING ring of ice (300 gold, have 25).
   143 | D:1      | 143 ||| SHOPLISTING ring of poison resistance (240 gold,
                  | have 25).
   143 | D:1      | 143 ||| SHOPLISTING ring of protection from fire (300 gold,
                  | have 25).
   270 | D:1      | Reached skill level 3 in Ranged Weapons
   270 | D:1      | Reached XP level 2. HP: 23/23 MP: 2/2
   602 | D:1      | 602 ||| READING scroll labelled JURIOTS KUIS.
   603 | D:1      | 603 ||| READING scroll labelled SANIXULASU.
   604 | D:1      | 604 ||| READING scroll labelled UDGHUNWISOSCH.
   605 | D:1      | 605 ||| READING scroll labelled ZIEQUI ENTI.
   610 | D:1      | 610 ||| READING scroll labelled HELLYM DOC GERULA.
   611 | D:1      | 611 ||| READING scroll labelled YLAYRI JAAMOLA.
   612 | D:1      | 612 ||| DROPPING scroll of poison.
   646 | D:2      | 646 ||| STAIRDANCE
   650 | D:1      | HP: 6/24 [worm (6)]
   795 | D:2      | Reached XP level 3. HP: 29/29 MP: 3/3
   998 | D:2      | Reached skill level 4 in Ranged Weapons
  1137 | D:2      | 1137 ||| UPGRADING to +0 ring mail.
  1162 | D:2      | 1162 ||| DROPPING +0 robe.
  1402 | D:2      | 1402 ||| READING scroll labelled BAUZOM KITA.
  1403 | D:2      | 1403 ||| READING scroll labelled OLADIA LEUCKIM.
  1404 | D:2      | 1404 ||| READING scroll labelled GOPTEUFECO.
  1478 | D:3      | Reached skill level 1 in Armour
  1694 | D:3      | Found a snail-covered altar of Cheibriados.
  1813 | D:3      | 1813 ||| FLEEEEING.
  1814 | D:3      | 1814 ||| FLEEEEING.
  1829 | D:3      | 1829 ||| FLEEEEING.
  1830 | D:3      | 1830 ||| FLEEEEING.
  1831 | D:3      | 1831 ||| FLEEEEING.
  1832 | D:3      | 1832 ||| FLEEEEING.
  1833 | D:3      | 1833 ||| FLEEEEING.
  1836 | D:3      | 1836 ||| FLEEEEING.
  1837 | D:3      | 1837 ||| FLEEEEING.
  1838 | D:3      | 1838 ||| FLEEEEING.
  1839 | D:3      | 1839 ||| FLEEEEING.
  1840 | D:3      | 1840 ||| FLEEEEING.
  1846 | D:3      | Reached XP level 4. HP: 35/36 MP: 4/4
  1973 | D:3      | HP: 6/36 [something/magic dart (6)]
  2381 | D:3      | 2381 ||| READING 2 scrolls labelled YLUJIKY DIDGHIVUBU.
  2382 | D:3      | 2382 ||| DRINKING 3 fizzy emerald potions.
  2383 | D:3      | 2383 ||| READING 3 scrolls of identify.
  2383 | D:3      | 2383 ||| IDENTIFYING ruby potion
  2384 | D:3      | 2384 ||| READING 2 scrolls of identify.
  2384 | D:3      | 2384 ||| IDENTIFYING sapphire potion
  2385 | D:3      | 2385 ||| DROPPING potion of lignification.
  2386 | D:3      | 2386 ||| DROPPING 2 potions of brilliance.
  2407 | D:4      | 2407 ||| STAIRDANCE
  2410 | D:3      | Reached skill level 5 in Ranged Weapons
  2490 | D:4      | Reached XP level 5. HP: 37/42 MP: 5/5
  2549 | D:4      | Noticed a phantom
  2556 | D:4      | Killed a phantom
  2557 | D:4      | 2557 ||| FLEEEEING.
  2558 | D:4      | 2558 ||| FLEEEEING.
  2559 | D:4      | 2559 ||| FLEEEEING.
  2560 | D:4      | 2560 ||| FLEEEEING.
  2561 | D:4      | 2561 ||| FLEEEEING.
  2562 | D:4      | 2562 ||| FLEEEEING.
  2563 | D:4      | 2563 ||| FLEEEEING.
  2564 | D:4      | 2564 ||| FLEEEEING.
  2565 | D:4      | 2565 ||| FLEEEEING.
  2566 | D:4      | 2566 ||| FLEEEEING.
  2568 | D:4      | 2568 ||| STAIRDANCE
  2586 | D:3      | 2586 ||| READING 2 scrolls of identify.
  2586 | D:3      | 2586 ||| IDENTIFYING brown potion
  2606 | D:4      | Found a sparkling altar of Nemelex Xobeh.
  2626 | D:4      | Found a shimmering blue altar of Sif Muna.
  2651 | D:4      | You fall into a shaft and drop 3 floors!
  2685 | D:7      | Noticed a steam dragon
  2689 | D:7      | HP: 9/46 [steam dragon/ball of steam (20)]
  2690 | D:7      | 2690 ||| DRINKING potion of heal wounds.
  2694 | D:7      | HP: 3/46 [steam dragon] (2)]
  2694 | D:7      | Slain by a steam dragon

Levels and vault maps discovered:
D:1:      mrwooster_arrival_arrow, layout_loops_ring, serial_shops, shop
D:2:      layout_basic, chequers_decorated_corner, minivault_27
D:3:      layout_loops_ring, lemuel_tele_altar, patterned_corridor
D:4:      kennysheep_six_static_rooms, layout_rooms, nicolae_overflow_squiral
D:7:      minmay_the_grid_four_pointed_star
          [minmay_the_grid_triangle_9x9_from_above,
          minmay_the_grid_triangle_9x9_warning,
          minmay_the_grid_triangle_9x9_shrine,
          minmay_the_grid_triangle_9x9_steps,
          minmay_the_grid_prize_four_corners], layout_gridville

Skill      XL: |  1  2  3  4  5 |
---------------+----------------+-----
Ranged Weapons | 3 4 5 |  5.2
Fighting       | 2 4 |  4.2
Armour         | 1 |  1.2
Dodging        | |  2.1
Spellcasting   | |  1.0
Hexes          | |  2.0

Action                     |  1- 3 |  4- 6 || total
---------------------------+-------+-------++-------
   Fire: Sling             |   111 |    81 ||   192
    Use: Scroll            |     9 |     4 ||    13
         Potion            |       |     2 ||     2
 Armour: Robe              |    10 |       ||    10
         Ring mail         |     1 |    19 ||    20
  Dodge: Dodged            |    24 |    25 ||    49

Table legend:
 A = Non-vault XP
 B = Vault XP
 C = Vault XP percentage of total XP
 D = Non-vault monster count
 E = Vault monster count
 F = Vault count percentage of total count
                 A         B        C        D         E       F
            +---------+---------+-------+---------+---------+-------
      Total |     330 |       2 |   0.6 |      57 |       1 |   1.7
            +---------+---------+-------+---------+---------+-------
        D:1 |      27 |       0 |   0.0 |      15 |       0 |   0.0
        D:2 |      42 |       0 |   0.0 |      18 |       0 |   0.0
        D:3 |     115 |       0 |   0.0 |      17 |       0 |   0.0
        D:4 |     146 |       2 |   1.4 |       7 |       1 |  12.5
            +---------+---------+-------+---------+---------+-------
